 Dungeon Crawl Stone Soup version 0.17.0-25-gefc9c12 (webtiles) character file.

25876 shklvsk the Covert (level 12, -1/86 HPs)
             Began as a Mummy Wanderer on Nov 18, 2015.
             Was an Initiate of Gozag.
             Slain by a frost giant
             ... wielding a +2 great mace of protection
              (22 damage)
             ... in an ice cave.
             The game lasted 01:56:18 (34950 turns).

shklvsk the Covert (Mummy Wanderer)                Turns: 34950, Time: 01:56:18

Health: -1/86      AC: 17    Str: 20    XL:     12   Next: 93%
Magic:  15/15      EV: 20    Int: 17    God:    Gozag
Gold:   807        SH: 12    Dex: 23    Spells: 3 memorised, 5 levels left

rFire  . . .     SeeInvis .     F - +6 rapier (flame)
rCold  + + .     Clarity  .     m - +2 steam dragon armour {rSteam}
rNeg   + + +     SustAt   .     g - +0 shield
rPois  ∞         Gourm    .     H - +2 hat {Int+3}
rElec  +         Spirit   .     p - +2 cloak
rCorr  +         Warding  .     D - +1 pair of gloves
rMut   .         Stasis   .     h - +0 pair of boots
MR     +....                    (no amulet)
Stlth  +++++.....               (no ring)
                                j - +4 ring of dexterity

@: mighty, agile, resistant, very slightly contaminated, hasted, repel missiles,
invisible, very quick, somewhat resistant to hostile enchantments, quite
stealthy
A: no food or potions, fire vulnerability, cold resistance 1, negative energy
resistance 3, torment resistance, unbreathing
a: Potion Petition, Call Merchant, Bribe Branch, Renounce Religion


You were in an ice cave.
You worshipped Gozag.
Gozag was noncommittal.
You were not hungry.

You visited 4 branches of the dungeon, and saw 20 of its levels.
You also visited: Ossuary and Ice Cave.

You collected 4944 gold pieces.
You spent 465 gold pieces at shops.
You paid 3672 gold pieces to Gozag.

Inventory:

Hand Weapons
 a - a +4 short sword of draining
   (You bought it in a shop on level 4 of the Dungeon)
 i - a +2 short sword of venom
   (You took it off an orc on level 1 of the Orcish Mines)
 v - a +1 dagger of freezing
   (You took it off an orc priest on level 7 of the Dungeon)
 z - a +2 dagger of flaming
   (You took it off an orc on level 2 of the Orcish Mines)
 C - a +2 falchion of slicing
   (You took it off an orc on level 9 of the Dungeon)
 F - a +6 rapier of flaming (weapon)
   (You bought it in a shop on level 4 of the Dungeon)
 J - a +1 short sword of distortion {!w}
   (You took it off a deep elf mage on level 3 of the Orcish Mines)
 Q - a cursed -1 scimitar
   (You found it on level 4 of the Lair of Beasts)
Missiles
 f - 345 stones (quivered)
 k - 3 javelins of penetration
 E - 2 tomahawks of dispersal {=f}
Armour
 g - a +0 shield (worn)
   (You found it on level 2 of the Dungeon)
 h - a +0 pair of boots (worn)
   (You found it on level 2 of the Dungeon)
 m - a +2 steam dragon armour (worn) {rSteam}
   (You found it on level 3 of the Dungeon)
 p - a +2 cloak (worn)
   (You found it on level 4 of the Dungeon)
 y - a +2 large shield
   (You found it on level 8 of the Dungeon)
 D - a +1 pair of gloves (worn)
   (You found it on level 1 of the Lair of Beasts)
 G - the +0 hat "Cuquehus" {rElec}
   (You found it on level 3 of the Orcish Mines)

   It insulates you from electricity.
 H - a +2 hat of intelligence (worn)
   (You found it on level 3 of the Orcish Mines)
Jewellery
 j - a +4 ring of dexterity (left hand)
   (You found it on level 2 of the Dungeon)
 o - an uncursed amulet of stasis {Stasis, !d}
   (You found it on level 4 of the Dungeon)
Wands
 c - a wand of slowing (18)
   (You took it off an orc on level 9 of the Dungeon)
 d - a wand of draining (0)
   (You found it on level 6 of the Dungeon)
 n - a wand of magic darts (16)
   (You took it off an orc on level 3 of the Orcish Mines)
 s - a wand of draining (0)
   (You found it on level 5 of the Dungeon)
 w - a wand of disintegration (9)
   (You found it on level 7 of the Dungeon)
 x - a wand of slowing (2)
   (You found it on level 7 of the Dungeon)
 A - a wand of magic darts (24)
   (You took it off an orc on level 3 of the Orcish Mines)
 K - a wand of confusion (32)
   (You found it on level 2 of the Lair of Beasts)
 L - a wand of teleportation (2)
   (You found it on level 2 of the Lair of Beasts)
 M - a wand of polymorph (11)
   (You found it on level 2 of the Lair of Beasts)
 P - a wand of disintegration (11)
   (You found it on level 3 of the Lair of Beasts)
Scrolls
 b - a scroll of fear
 e - 2 scrolls of identify
 l - 2 scrolls of fog
 r - a scroll of amnesia
 t - 3 scrolls of immolation {!r}
 u - a scroll of magic mapping {!r}
 I - a scroll of teleportation
 N - 2 scrolls of remove curse
Books
 B - a book of Minor Magic
   (You found it on level 9 of the Dungeon)
 O - a book of Flames
   (You found it on level 2 of the Lair of Beasts)
Miscellaneous
 q - an ornate deck of summoning {drawn: 2}
   (You found it on level 10 of the Dungeon)


   Skills:
 + Level 5.2 Fighting
 * Level 8.1(8.4) Short Blades
 - Level 3.3(6.1) Long Blades
   Level 1.4(1.6) Maces & Flails
   Level 1.0(1.3) Staves
 - Level 1.0 Throwing
 + Level 5.9 Armour
 + Level 4.8 Dodging
 - Level 8.6 Stealth
 * Level 8.3 Shields
 - Level 3.7 Charms
 * Level 4.2 Summonings
 - Level 3.3 Translocations
 * Level 4.8 Evocations


You had 5 spell levels left.
You knew the following spells:

 Your Spells              Type           Power        Failure   Level  Hunger
b - Blink                 Tloc           N/A          24%         2    N/A
c - Call Imp              Summ           ##......     17%         2    N/A
d - Repel Missiles        Chrm/Air       #.....       45%         2    N/A

Dungeon Overview and Level Annotations

Branches:
Dungeon (11/15)            Temple (1/1) D:6            Lair (4/8) D:10
 Spider (0/4) Lair:4          Orc (4/4) D:9             Elf (0/3) Orc:3
  Swamp: Lair:3-6    Shoals: Lair:3-6

Altars:
Ashenzari
Cheibriados
Dithmenos
Elyvilon
Fedhas
Gozag
Kikubaaqudgha
Makhleb
Nemelex Xobeh
Okawaru
Qazlal
Ru
Sif Muna
Trog
Vehumet
Xom
Yredelemnul
Zin
The Shining One
Beogh

Shops:
D:4 ((   D:6 *

Annotations:
D:5 exclusion: statue
Lair:1 exclusion: 2 spiny frogs, Gastronok
Lair:3 exclusions: death yak and spriggan rider
Orc:3 Nessos


Innate Abilities, Weirdness & Mutations

You do not eat or drink.
Your flesh is vulnerable to fire.
You are immune to poison.
Your flesh is cold resistant.
You are immune to negative energy.
You are immune to unholy pain and torment.
You can survive without breathing.


Message History

No target in view!
No target in view!
You now have 1736 gold pieces (gained 3).
You start resting.
Health restored: 86
f - 347 stones (gained 1)
Aim: a wolf (hasn't noticed you)
You throw a stone. The stone closely misses the wolf.
The wolf howls!
The wolf pauses to sniff the ground.
You block the wolf's attack. The wolf completely misses you.
You hit the wolf. You burn the wolf. The wolf bites you!
You take 7 damage, and have 79/86 hp.
You closely miss the wolf. The wolf bites you but does no damage.
You block the wolf's attack.
You miss the wolf. You block the wolf's attack.
You hit the wolf but do no damage. The wolf barely misses you.
The wolf barely misses you.
You miss the wolf. The wolf barely misses you.
You puncture the wolf! You burn the wolf. You block the wolf's attack.
You puncture the wolf! You burn the wolf.
You kill the wolf!
No target in view!
No target in view!
No target in view!
You now have 1743 gold pieces (gained 7).
You start resting.
Health restored: 86 A wolf comes into view.
Aim: a wolf (hasn't noticed you)
You throw a stone. The wolf howls!
The stone hits the wolf but does no damage.
A polar bear comes into view.
You start waiting.
You start waiting.
You draw a card...
It is Repulsiveness.
This is an ornate deck of summoning {drawn: 2}.
What do you say? t - Shout!
Orders for allies: a - Attack new target. r - Retreat! s - Stop attacking. w - Wait here. f - Follow me.
Anything else - Stay silent.
Gang up on whom?
Aim: a frost giant, wielding a great mace of protection and wearing a large shield of cold resistance Attack!
You swap places.
The frost giant casts a spell at you.
The bolt of cold hits your green ugly thing.
The bolt of cold misses you.
The frost giant blocks your green ugly thing's attack.
The frost giant points at you and mumbles some strange words.
The bolt of cold hits you! You resist.
Your green ugly thing claws the frost giant but does no damage.
You take 18 damage, and have 68/86 hp.
MASSIVE DAMAGE!!
You puncture the frost giant! You burn the frost giant.
The frost giant misses you.
The frost giant blocks your green ugly thing's attack.
The frost giant blocks your attack.
The frost giant hits you with a great mace of protection!!
You take 25 damage, and have 43/86 hp.
MASSIVE DAMAGE!!
You hit the frost giant. You burn the frost giant.
Your green ugly thing claws the frost giant but does no damage.
Aim: a frost giant, wielding a great mace of protection and wearing a large shield of cold resistance (lightly wounded, chance to defeat MR: 29%)
Okay, then.
You hit the frost giant. You burn the frost giant.
The frost giant hits you with a great mace of protection!
The frost giant blocks your green ugly thing's attack.
You take 14 damage, and have 29/86 hp. [a] - 352 gold - heal wounds, curing and magic [b] - 936 gold - resistance, might, haste, invisibility and agility [c] - 550 gold - resistance, invisibility and agility Purchase which effect?
You no longer have enough gold to fund merchants seeking to open stores in the dungeon.
You feel protected.
You feel very mighty all of a sudden.
You feel yourself speed up.
You fade into invisibility!
You feel agile all of a sudden.
The frost giant blocks your green ugly thing's attack.
The frost giant casts a spell at you. The bolt of cold misses you.
You are very lightly contaminated with residual magic.
You hit the frost giant. You burn the frost giant.
The frost giant blocks your attack.
Your green ugly thing claws the frost giant.
The frost giant is poisoned.
Your green ugly thing poisons the frost giant!
The frost giant points at you and mumbles some strange words.
The bolt of cold hits you! You resist.
* * * LOW HITPOINT WARNING * * *
You take 8 damage, and have 21/86 hp.
You puncture the frost giant! You burn the frost giant.
Your green ugly thing claws the frost giant.
The frost giant blocks your attack.
The frost giant hits you with a great mace of protection!!
You die...
Your body crumbles into a pile of gold.

## #..# .#
##.## .#
#..# ##
#..# # ###
##.# #
#.## #..#
###..#
#..#
##...##
##Cu#
#.....##
#@.##
#......##
#.##
....##..#
##.#
....###.##
#..# ...##
#..# ##.##
...# ##.#
#..# ..##
#..##
##..# ..#
##..#
#..## .##
#..###..#


You could see a frost giant and a friendly green ugly thing.

Vanquished Creatures
  A griffon (Lair:2)
  2 black mambas
  An ice statue (IceCv)
  4 spiny frogs (Lair:1)
  2 komodo dragons
  A two-headed ogre (D:9)
  12 polar bears
  2 trolls
  Prince Ribbit (D:8)
  4 slime creatures (D:10)
  3 blink frogs (Lair:3)
  3 wyverns
  2 deep elf magi (Orc:3)
  23 yaks
  Grum (D:8)
  20 wolves
  A basilisk (Lair:3)
  4 hippogriffs
  2 hungry ghosts
  2 wargs
  8 water moccasins
  7 orc warriors
  3 sky beasts
  A phantom (D:10)
  A wasp (D:9)
  10 ogres
  4 black bears
  A necrophage (D:9)
  A swamp drake (Orc:3)
  8 porcupines
  10 ice beasts
  4 crocodiles
  3 centaurs
  A big kobold (D:9)
  A brain worm (Lair:2)
  The ghost of chonchonts the Ruffian, an amateur VSMo (D:3)
  8 giant frogs
  A wyvern skeleton (D:8)
  3 scorpions
  5 killer bees
  6 wights
  17 orc priests
  8 crimson imps
  2 centaur zombies
  5 hounds
  2 quasits
  A jelly (D:6)
  3 centaur skeletons
  2 giant frog zombies
  An iron imp (Orc:3)
  20 orc wizards
  4 iguanas
  7 worker ants
  15 sheep
  5 big kobold zombies (Ossuary)
  2 hound skeletons
  A mummy (Ossuary)
  7 gnolls
  15 adders
  A shadow imp (Orc:3)
  20 river rats
  A white imp (Orc:3)
  2 adder skeletons
  4 worms
  4 giant geckos
  145 orcs
  2 spectral bats (Ossuary)
  2 ball pythons
  16 bats
  3 giant cockroaches
  8 goblins
  6 hobgoblins
  5 jackals
  7 quokkas
  5 bat simulacra (Ossuary)
  4 giant newts
  7 gnoll zombies (Ossuary)
  4 goblin simulacra (Ossuary)
  5 goblin zombies (Ossuary)
  5 hobgoblin zombies (Ossuary)
  A jackal skeleton (D:7)
  2 jackal zombies
  11 kobolds
  3 kobold simulacra (Ossuary)
  4 kobold zombies (Ossuary)
  4 orc zombies (Ossuary)
  A quokka skeleton (D:4)
  3 rats
  4 rat simulacra (Ossuary)
  3 spectral goblins (Ossuary)
  5 spectral kobolds (Ossuary)
  3 spectral rats (Ossuary)
  A plant (D:10)
596 creatures vanquished.

Vanquished Creatures (collateral kills)
  A polar bear (IceCv)
1 creature vanquished.

Vanquished Creatures (others)
  5 fungi
  16 plants
21 creatures vanquished.

Grand Total: 618 creatures vanquished

Notes
Turn   | Place    | Note
--------------------------------------------------------------
     0 | D:1      | shklvsk the Mummy Wanderer began the quest for the Orb.
     0 | D:1      | shklvsk set off with: a +2 dagger, a scroll of fear, 2 scrolls of teleportation, a +0 robe
     0 | D:1      | Reached XP level 1. HP: 16/16 MP: 1/1
     6 | D:1      | Noticed an electric eel
   235 | D:1      | Reached XP level 2. HP: 17/22 MP: 2/2
  1053 | D:2      | Reached skill level 1 in Short Blades
  1300 | D:2      | Reached XP level 3. HP: 11/27 MP: 3/3
  2555 | D:2      | Reached XP level 4. HP: 33/33 MP: 4/4
  2909 | D:3      | Noticed chonchonts's ghost (amateur VSMo)
  3012 | D:3      | Reached skill level 1 in Shields
  3117 | D:3      | Reached skill level 5 in Stealth
  3475 | D:3      | Reached skill level 2 in Short Blades
  4129 | D:4      | Found Ciuzobay's Antique Weapon Emporium.
  4147 | D:4      | Reached XP level 5. HP: 32/38 MP: 5/5
  4455 | D:4      | Found a glowing silver altar of Zin.
  4623 | D:4      | Found a snail-covered altar of Cheibriados.
  4743 | D:5      | Entered Level 5 of the Dungeon
  4791 | D:5      | Reached skill level 2 in Shields
  4804 | D:5      | Noticed a centaur
  4813 | D:5      | Killed a centaur
  4813 | D:5      | Reached XP level 6. HP: 44/44 MP: 6/6
  4868 | D:5      | Found a radiant altar of Vehumet.
  5789 | D:4      | Reached skill level 3 in Short Blades
  6409 | D:5      | HP: 11/44 [iguana (6)]
  6410 | D:5      | Reached skill level 3 in Shields
  6410 | D:5      | Reached XP level 7. HP: 12/50 MP: 7/7
  6756 | D:6      | Found a staircase to the Ecumenical Temple.
  6840 | D:6      | Found a deep blue altar of Sif Muna.
  6873 | Temple   | Entered the Ecumenical Temple
  7083 | D:6      | Reached skill level 1 in Armour
  7241 | D:6      | Reached skill level 6 in Stealth
  7672 | D:6      | Found Gozag's Platinum Reserve.
  7674 | D:6      | Found an opulent altar of Gozag.
  7708 | D:7      | Found a sand-covered staircase.
  7716 | Ossuary  | Entered an ossuary
  9175 | D:6      | Reached skill level 4 in Short Blades
  9175 | D:6      | Reached XP level 8. HP: 35/56 MP: 8/8
  9445 | D:7      | Reached skill level 4 in Shields
 10156 | D:6      | Reached skill level 2 in Armour
 10946 | D:6      | Became a worshipper of Gozag Ym Sagoz the Greedy
 11050 | D:7      | Reached skill level 7 in Stealth
 11152 | D:7      | Reached skill level 5 in Short Blades
 11199 | D:7      | Found a shattered altar of Ashenzari.
 11260 | D:7      | Found a burning altar of Makhleb.
 11624 | D:8      | Found a blossoming altar of Fedhas.
 11631 | D:8      | Reached skill level 5 in Shields
 11688 | D:8      | Reached XP level 9. HP: 61/61 MP: 9/9
 11915 | D:8      | Noticed Prince Ribbit
 11936 | D:8      | HP: 12/61 [wolf[Grum] (9)]
 11941 | D:8      | HP: 9/61 [wolf[Grum] (4)]
 11956 | D:8      | Noticed Grum
 11965 | D:8      | Reached skill level 3 in Armour
 12022 | D:8      | HP: 15/61 [gnoll/spear (3)]
 12262 | D:7      | Noticed a troll
 12274 | D:7      | HP: 9/61 [troll (8)]
 12276 | D:7      | Killed a troll
 13145 | D:7      | Reached skill level 6 in Short Blades
 13157 | D:7      | Reached skill level 8 in Stealth
 13331 | D:8      | Found a shadowy altar of Dithmenos.
 13572 | D:9      | Reached skill level 6 in Shields
 13821 | D:8      | HP: 12/61 [killer bee (6)]
 14384 | D:8      | HP: 13/61 [wolf[Grum] (6)]
 14390 | D:8      | HP: 11/61 [wolf[Grum] (2)]
 14392 | D:8      | Reached skill level 1 in Maces & Flails
 14750 | D:9      | Reached XP level 10. HP: 51/67 MP: 10/10
 14917 | D:9      | Learned a level 2 spell: Blink
 14920 | D:9      | Learned a level 2 spell: Repel Missiles
 15063 | D:9      | Noticed a hill giant
 16328 | D:9      | Found a staircase to the Orcish Mines.
 16356 | D:9      | HP: 16/67 [orc priest/divine providence (14)]
 16402 | D:9      | Reached skill level 1 in Charms
 16809 | D:9      | Reached skill level 1 in Translocations
 17307 | D:9      | Found a shattered altar of Ashenzari.
 17311 | D:9      | Found an ancient bone altar of Kikubaaqudgha.
 17398 | D:10     | Entered Level 10 of the Dungeon
 17401 | D:10     | Found a staircase to the Lair.
 17430 | Lair:1   | Entered Level 1 of the Lair of Beasts
 17656 | Lair:1   | Reached skill level 1 in Long Blades
 17776 | Lair:1   | Noticed a black mamba
 17819 | Lair:1   | Killed a black mamba
 17819 | Lair:1   | Reached skill level 4 in Armour
 17819 | Lair:1   | Reached skill level 2 in Charms
 18062 | Lair:1   | Reached skill level 2 in Dodging
 18102 | Lair:1   | HP: 15/68 [spiny frog (16)]
 18107 | Lair:1   | Reached skill level 2 in Translocations
 18153 | Lair:1   | HP: 6/68 [spiny frog (20)]
 18419 | Lair:1   | Reached skill level 2 in Long Blades
 18420 | Lair:1   | HP: 15/69 [wolf (6)]
 18431 | Lair:1   | HP: 11/69 [wolf (6)]
 18443 | Lair:1   | Reached skill level 3 in Fighting
 19522 | D:10     | You fall through a shaft!
 19524 | D:11     | Noticed a hill giant
 19555 | D:10     | Reached skill level 7 in Shields
 19555 | D:10     | Reached skill level 3 in Charms
 19555 | D:10     | Reached XP level 11. HP: 49/75 MP: 11/11
 19753 | D:10     | Noticed a hill giant
 19754 | D:10     | Got a brightly glowing mace
 19851 | D:10     | Identified the cursed +1 mace of Crystal {flame, -Tele Str+4 Int+3 Stlth+} (You found it on level 10 of the Dungeon)
 19903 | D:10     | HP: 17/75 [hill giant/giant spiked club (32)]
 19912 | D:10     | HP: 3/75 [gargoyle/stone arrow (16)]
 20728 | D:8      | Reached skill level 1 in Evocations
 20862 | D:8      | Killed Prince Ribbit
 21257 | D:8      | Killed Grum
 21257 | D:8      | Reached skill level 3 in Dodging
 21766 | D:8      | Reached skill level 3 in Translocations
 22098 | D:6      | HP: 14/75 [orc warrior/long sword (14)]
 22421 | D:6      | Reached skill level 3 in Long Blades
 22441 | D:5      | You fall through a shaft for 2 floors!
 22674 | D:3      | Killed chonchonts's ghost
 23007 | Orc:1    | Entered Level 1 of the Orcish Mines
 24658 | D:4      | Bought a runed short sword for 75 gold pieces
 24663 | D:4      | Bought an encrusted quarterstaff for 270 gold pieces
 24663 | D:4      | Identified the +5 quarterstaff of Towet {flame, rC+} (You bought it in a shop on level 4 of the Dungeon)
 24664 | D:4      | Bought a runed rapier for 120 gold pieces
 24962 | Orc:3    | Found a burning altar of Makhleb.
 25062 | Orc:3    | Noticed Nessos
 25363 | Orc:2    | Reached skill level 4 in Fighting
 25363 | Orc:2    | Reached skill level 2 in Evocations
 25483 | D:9      | Noticed a satyr
 25492 | D:9      | Noticed a hill giant
 26110 | Orc:3    | Found a staircase to the Elven Halls.
 26482 | Orc:3    | Got a slimy hat
 26495 | Orc:3    | Learned a level 2 spell: Call Imp
 26495 | Orc:3    | Identified the +0 hat "Cuquehus" {rElec} (You found it on level 3 of the Orcish Mines)
 26642 | Orc:4    | Entered Level 4 of the Orcish Mines
 26811 | Orc:4    | Found a roughly hewn altar of Beogh.
 28261 | D:10     | Reached skill level 1 in Summonings
 28286 | D:10     | HP: 10/77 [large slime creature (14)]
 28542 | D:9      | Reached skill level 5 in Armour
 29171 | Lair:1   | Reached skill level 7 in Short Blades
 29267 | Lair:1   | Noticed Gastronok
 29360 | Lair:2   | Reached skill level 3 in Evocations
 29480 | Lair:2   | Reached XP level 12. HP: 57/84 MP: 14/14
 29767 | Lair:2   | Reached skill level 2 in Summonings
 30096 | Lair:2   | Reached skill level 4 in Dodging
 31188 | Lair:3   | Got a crystal hand axe
 31189 | Lair:3   | Identified the +4 hand axe of the Tooth {drain, *Contam rPois Str+4} (You found it on level 3 of the Lair of Beasts)
 31513 | Lair:3   | Reached skill level 8 in Shields
 31900 | Lair:3   | Reached skill level 3 in Summonings
 31992 | Lair:2   | Reached skill level 4 in Evocations
 32479 | Lair:4   | Found a frozen archway.
 32567 | IceCv    | Entered an ice cave
 32609 | IceCv    | Reached skill level 5 in Fighting
 33444 | IceCv    | Reached skill level 8 in Short Blades
 33724 | IceCv    | Reached skill level 4 in Summonings
 34313 | IceCv    | Noticed a frost giant
 34948 | IceCv    | HP: 21/86 [frost giant/bolt of cold (8)]
 34950 | IceCv    | Slain by a frost giant

Action                   |  1- 3 |  4- 6 |  7- 9 | 10-12 || total
-------------------------+-------+-------+-------+-------++-------
Melee: Dagger            |   139 |   598 |  1168 |   314 ||  2219
       Falchion          |       |       |       |   589 ||   589
       Rapier            |       |       |       |  1042 ||  1042
       Short sword       |       |       |       |   147 ||   147
Throw: Stone             |     9 |     8 |    21 |    21 ||    59
 Cast: Repel Missiles    |       |       |       |     1 ||     1
Invok: Potion Petition   |       |       |     2 |     4 ||     6
       Call Merchant     |       |       |       |     1 ||     1
Evoke: Wand              |       |       |       |    30 ||    30
       Deck              |       |       |       |     2 ||     2
  Use: Scroll            |       |     8 |    12 |    13 ||    33
 Stab: Sleeping          |    13 |     9 |    29 |    29 ||    80
       Distracted        |       |       |     4 |    20 ||    24

Vault maps used:
D:1:      arrival_aquarium_a
D:2:      kennysheep_six_static_rooms, first_bread
D:4:      zin_academy, kennysheep_mini, serial_shops, nicolae_shop_crystal
D:5:      vehumet_statue
D:6:      nicolae_gozag_zags_fifth_avenue, lemuel_blue_sif_altar,
          minmay_temple_entry_trees
D:7:      lemuel_round_altar, basic_altar, enter_ossuary_3
D:8:      kennysheep_mini_moat, hangedman_tree_tricks, minmay_misc_feat_room,
          uniq_prince_ribbit1, uniq_grum
D:9:      minitemple, hiddenorc2_lemuel
D:10:     dpeg_oklobed_lair
D:11:     serial_shops, nicolae_shop_statue_plus, uniq_josephine, uniq_snorg,
          uniq_maurice
Temple:   chambers_temple_10
Lair:1:   minivault_19, serial_bayou_shore_a, grunt_megastairs_3, uniq_gastronok
Lair:2:   serial_forest, infiniplex_forest_straight_3,
          infiniplex_forest_clump_diagonal, infiniplex_forest_straight_2,
          infiniplex_forest_corner_2, infiniplex_forest_corner_2,
          mumra_transporter_accident, beast_lair_carwin_5, uniq_nergalle
Lair:3:   beast_lair_carwin_large_1, nicolae_swamp_entry_splash_gauntlet,
          grunt_forest_large_clearings
Lair:4:   spider_nest_entry_a, portal_ice_cave_entry_ice_beasts
Orc:3:    basic_altar, nicolae_orc_pool_cavern, hangedman_minor_magic,
          uniq_nessos
Orc:4:    kennysheep_orc_mage_school, basic_altar, uniq_rupert
Ossuary:  ossuary_zaba_two_paths
IceCv:    ice_cave_small_giant

Table legend:
 A = Turns spent in this place as a percentage of turns spent in the entire game.
 B = Non-inter-level travel turns spent in this place as a percentage of non-inter-level travel turns spent in the entire game.
 C = Inter-level travel turns spent in this place as a percentage of turns spent in this place.
 D = Turns resting spent in this place as a percentage of non-inter-level travel turns spent in this place.
 E = Turns spent auto-exploring this place as a percentage of non-inter-level travel turns spent in this place.
 F = Non-inter-level travel turns spent in this place divided by the number of levels of this place that you've seen.
                   A       B       C       D       E      F
               +-------+-------+-------+-------+-------+----------------------
         Total | 100.0 | 100.0 |   0.9 |   3.9 |   2.8 | 532.5
       Dungeon |  58.6 |  58.5 |   1.1 |   3.9 |   2.9 | 622.8
        Temple |   0.1 |   0.1 |   7.7 |   0.0 |  91.7 |  12.0
          Lair |  15.4 |  15.5 |   0.4 |   3.6 |   3.4 | 454.5
  Orcish Mines |  13.8 |  13.8 |   1.3 |   3.3 |   3.3 | 403.8
       Ossuary |   5.8 |   5.9 |   0.0 |   4.1 |   0.1 | 687.0
      Ice Cave |   6.2 |   6.3 |   0.0 |   6.3 |   0.5 | 733.0
               +-------+-------+-------+-------+-------+----------------------

Table legend:
 A = Kills in this place as a percentage of kills in entire the game.
 B = Kills by you in this place as a percentage of kills by you in the entire game.
 C = Kills by friends in this place as a percentage of kills by friends in the entire game.
 D = Other kills in this place as a percentage of other kills in the entire game.
 E = Experience gained in this place as a percentage of experience gained in the entire game.
 F = Experience gained in this place divided by the number of levels of this place that you have seen.
                   A       B       C       D       E      F
               +-------+-------+-------+-------+-------+----------------------
         Total | 100.0 | 100.0 | 100.0 |  -nan | 100.0 | 1680.3
       Dungeon |  41.9 |  42.0 |   0.0 |  -nan |  31.7 | 1064.5
          Lair |  18.3 |  18.3 |   0.0 |  -nan |  39.4 | 3640.5
  Orcish Mines |  24.8 |  24.9 |   0.0 |  -nan |  10.0 | 927.0
       Ossuary |  10.1 |  10.1 |   0.0 |  -nan |   0.6 | 207.0
      Ice Cave |   4.9 |   4.7 | 100.0 |  -nan |  18.3 | 6780.0
               +-------+-------+-------+-------+-------+----------------------
